 Dungeon Crawl Stone Soup version 0.24-a0-201-gf205589 (webtiles) character file.

Game seed: 17486924194449954529

33241 Borgoz the Slicer (level 14, -2/86 HPs)
             Began as a Kobold Gladiator on Mar 24, 2019.
             Was a Believer of Ashenzari.
             Splashed by an oklob plant's acid (12 damage)
             ... on level 4 of the Lair of Beasts.
             The game lasted 00:43:22 (18834 turns).

Borgoz the Slicer (Kobold Gladiator)               Turns: 18834, Time: 00:43:24

Health: -2/86      AC:  2    Str: 15    XL:     14   Next: 7%
Magic:  22/23      EV: 25    Int: 11    God:    Ashenzari [**....]
Gold:   1387       SH:  0    Dex: 20    Spells: 18/25 levels left

rFire    . . .     SeeInvis .   S - +6 quick blade (curse)
rCold    . . .     Gourm    .   (shield restricted)
rNeg     . . .     Faith    .   K - +0 troll leather armour
rPois    .         Spirit   .   y - +2 helmet
rElec    .         Reflect  .   k - +0 cloak (curse)
rCorr    .         Harm     .   D - +2 pair of gloves
MR       +....                  H - +0 pair of boots
Stlth    +++++.....             (no amulet)
HPRegen  0.64/turn              o - +4 ring of dexterity
MPRegen  0.18/turn              h - ring of wizardry

@: confusing touch, corroded, very slightly contaminated
A: small, carnivore
a: Curse Item, Scrying, Renounce Religion


You were on level 4 of the Lair of Beasts.
You worshipped Ashenzari.
Ashenzari was pleased with you.
You were completely stuffed.

You visited 3 branches of the dungeon, and saw 17 of its levels.
You also visited: Sewer.

You collected 1387 gold pieces.

Inventory:

Hand Weapons
 a - a +0 rapier
 j - a +3 quarterstaff of chaos
 n - a +4 short sword of speed
 s - a +4 dagger of protection
 u - a +0 dagger of venom
 I - a cursed +4 short sword of freezing
 S - a cursed +6 quick blade (weapon)
Missiles
 d - 2 throwing nets (quivered)
 m - 23 poisoned needles
 p - 10 curare-tipped needles
 w - 6 tomahawks
Armour
 k - a cursed +0 cloak (worn)
 y - a +2 helmet (worn)
 D - a +2 pair of gloves (worn)
 H - a +0 pair of boots (worn)
 K - a +0 troll leather armour (worn)
Jewellery
 e - an uncursed ring of see invisible
 h - a ring of wizardry (right hand)
 o - a +4 ring of dexterity (left hand)
 q - an uncursed ring of protection from magic
 z - an uncursed ring of protection from fire
 R - an uncursed ring of protection from magic
 T - a cursed amulet of magic regeneration
Wands
 A - a wand of random effects (27)
 E - a wand of flame (14)
 G - a wand of polymorph (3)
 J - a wand of digging (9)
 L - a wand of iceblast (5)
 P - a wand of paralysis (7)
Scrolls
 b - 2 scrolls of enchant armour
 g - 2 scrolls of identify
 i - 3 scrolls of blinking
 l - 2 scrolls of fear
 r - 11 scrolls of teleportation
 t - a scroll of summoning
 x - 7 scrolls of remove curse
 B - 3 scrolls of amnesia
 F - a scroll of magic mapping
Potions
 c - 2 potions of lignification
 v - a potion of curing
 C - 2 potions of flight
 M - a potion of resistance
 N - a potion of cancellation
 O - a potion of haste
Comestibles
 f - 34 rations
 Q - 4 chunks of flesh


   Skills:
 + Level 9.0 Fighting
 * Level 13.2(15.1) Short Blades
 - Level 5.2 Throwing
 * Level 6.8 Armour
 * Level 12.2 Dodging
 + Level 11.3 Stealth
 + Level 6.0 Spellcasting
 + Level 3.8 Hexes
 - Level 3.0 Charms
 + Level 6.0 Necromancy
 - Level 5.2 Evocations


You had 18 spell levels left.
You knew the following spells:

 Your Spells              Type           Power        Failure   Level  Hunger
a - Regeneration          Chrm/Necr      ##........   4%          3    ###....
c - Confuse               Hex            ##......     6%          3    ###....
d - Confusing Touch       Hex            ##....       1%          1    None

Your spell library contained the following spells:

 Spells                   Type           Power        Failure   Level  Hunger
 Animate Skeleton         Necr           N/A          1%          1    None
 Pain                     Necr           ###.         1%          1    None
 Vampiric Draining        Necr           ###.......   2%          3    ###....
 Animate Dead             Necr           N/A          8%          4    ####...
 Gell's Gravitas          Tloc           #.........   26%         3    ###....
 Petrify                  Tmut/Erth      #.......     63%         4    ####...
 Metabolic Englaciation   Hex/Ice        #.........   71%         5    ######.
 Yara's Violent Unravell  Hex/Tmut       #.........   71%         5    ######.


Dungeon Overview and Level Annotations

Branches:
Dungeon (12/15)            Temple (1/1) D:5            Lair (4/6) D:8
 Shoals (0/4) Lair:3       Spider (0/4) Lair:3
    Orc: D:9-12

Altars:
Ashenzari
Cheibriados
Dithmenos
Elyvilon
Fedhas
Gozag
Hepliaklqana
Kikubaaqudgha
Makhleb
Nemelex Xobeh
Okawaru
Qazlal
Ru
Sif Muna
Trog
Uskayaw
Vehumet
Wu Jian
Xom
Yredelemnul
Zin
The Shining One

Shops:
D:4 (   D:6 *

Portals:
Trove: D:12 (give 12 potions of heal wounds)

Annotations:
D:7 exclusion: statue
Lair:3 1 runed translucent door, SaintRoka's ghost, journeyman GnWz
Lair:4 exclusion: 2 oklob plants


Innate Abilities, Weirdness & Mutations

You are small and have problems with some larger weapons.
You are carnivorous and can eat meat at any time.


Message History

The oklob plant is heavily damaged.
You hit the oklob plant but do no damage.
The oklob plant is heavily damaged.
The oklob plant spits acid at you.
The splash of acid hits you but does no damage.
The acid corrodes you!
You are splashed with acid!
You hit the oklob plant but do no damage.
The oklob plant is heavily damaged.
You hit the oklob plant but do no damage.
The oklob plant is heavily damaged.
You hit the oklob plant.
The oklob plant is heavily damaged.
Casting: Confusing Touch (safe; 1% risk of failure)
Confirm with . or Enter, or press ? or * to list all spells.
Your hands begin to glow red.
The oklob plant spits acid at you. The splash of acid hits you!
* * * LOW HITPOINT WARNING * * *
You are splashed with acid!
You die...

.#.......#............
, * #...........#.....
, #.$.....#..##.....,,
* #.#.##..#..P##..#
##.#......#P..., ,,
,#...........#
*.....#...[.P#.. *
,*###P.##.....#, ###
##P@P## #.[P# #}$)#
#).P# #####


You could see 2 oklob plants.

Vanquished Creatures
  A yaktaur captain (D:11)
  A centaur warrior (D:12)
  2 two-headed ogres
  Urug (D:11)
  2 lindwurms (Lair:3)
  An oklob plant (Lair:2)
  A wolf spider (Lair:3)
  A manticore (D:11)
  A faun (Lair:1)
  5 slime creatures
  4 elephants (Lair:2)
  5 black mambas
  A gargoyle (D:12)
  5 spiny frogs
  An efreet (D:11)
  3 komodo dragons
  A troll (D:11)
  Grinder (D:4)
  A hornet (Lair:3)
  3 blink frogs (Lair:4)
  5 hippogriffs
  A snapping turtle (Lair:3)
  A spriggan (D:9)
  2 vampires
  25 yaks
  3 basilisks
  2 wyverns
  A steam dragon (D:11)
  A hungry ghost (D:12)
  Menkaure (D:4)
  A vampire mosquito (D:12)
  13 water moccasins
  Purgy (Sewer)
  5 sky beasts
  6 orc warriors
  6 porcupines
  4 ice beasts
  A necrophage (D:7)
  A black bear (D:12)
  2 eyes of draining
  3 phantoms
  6 centaurs
  39 wolves
  4 ogres
  7 crocodiles
  2 big kobolds
  21 bullfrogs
  A scorpion (D:6)
  22 killer bees
  4 wights (D:11)
  4 howler monkeys
  2 electric eels (Lair:3)
  3 crimson imps
  A centaur zombie (D:7)
  A bullfrog zombie (D:6)
  4 hounds
  7 orc priests
  2 quasits
  A centaur skeleton (D:8)
  A jelly (D:10)
  2 iguanas
  Crazy Yiuf (D:2)
  A bullfrog skeleton (D:7)
  13 orc wizards
  10 worker ants
  A hound zombie (D:10)
  A hound skeleton (D:7)
  A worker ant zombie (D:11)
  A howler monkey skeleton (D:4)
  10 adders
  12 gnolls
  4 shadow imps
  An ooze (D:5)
  An adder zombie (D:6)
  An adder skeleton (D:6)
  4 worms
  A dart slug (D:1)
  5 leopard geckos
  42 orcs
  13 bats
  4 giant cockroaches
  5 goblins
  6 hobgoblins
  13 jackals
  14 kobolds
  2 quokkas
  4 frilled lizards
  A jackal zombie (D:5)
  A leopard gecko skeleton (D:4)
  A leopard gecko zombie (D:7)
  9 rats
  A fungus (D:2)
  A plant (Lair:4)
445 creatures vanquished.

Vanquished Creatures (others)
  A fungus (Lair:1)
  27 plants (Lair:3)
28 creatures vanquished.

Grand Total: 473 creatures vanquished

Notes
Turn   | Place    | Note
-------+----------+-------------------------------------------
     0 | D:1      | Borgoz the Kobold Gladiator began the quest for the Orb.
     0 | D:1      | Reached XP level 1. HP: 12/12 MP: 1/1
    92 | D:1      | Reached XP level 2. HP: 18/18 MP: 2/2
   288 | D:1      | Reached skill level 1 in Stealth
   499 | D:2      | Reached XP level 3. HP: 22/22 MP: 3/3
   779 | D:2      | Reached skill level 1 in Armour
   779 | D:2      | Reached XP level 4. HP: 27/27 MP: 4/4
  1056 | D:2      | Found a blossoming altar of Fedhas.
  1059 | D:2      | Found an ancient bone altar of Kikubaaqudgha.
  1355 | D:3      | Reached XP level 5. HP: 25/32 MP: 5/5
  2281 | D:4      | Found an iron altar of Okawaru.
  2378 | D:4      | Reached skill level 5 in Short Blades
  2414 | D:4      | Noticed a phantom
  2462 | D:4      | Reached XP level 6. HP: 26/37 MP: 6/6
  2488 | D:4      | Noticed Grinder
  2532 | D:4      | Killed Grinder
  2532 | D:4      | Reached skill level 5 in Dodging
  2532 | D:4      | Reached XP level 7. HP: 9/42 MP: 7/7
  2738 | D:4      | Found Hilank's Antique Weapon Shoppe.
  3111 | D:4      | Noticed Menkaure
  3128 | D:4      | Killed Menkaure
  3128 | D:4      | Reached skill level 6 in Short Blades
  3381 | D:4      | Reached skill level 5 in Stealth
  3683 | D:5      | Entered Level 5 of the Dungeon
  3746 | D:5      | Reached XP level 8. HP: 38/48 MP: 8/8
  4020 | D:5      | You fall through a shaft for 2 floors!
  4114 | D:7      | Noticed a hippogriff
  4121 | D:7      | Killed a hippogriff
  4121 | D:7      | Reached skill level 5 in Fighting
  4331 | D:5      | Reached skill level 7 in Short Blades
  4382 | D:5      | Found a glowing drain.
  4387 | Sewer    | Entered a sewer
  4419 | Sewer    | Noticed Purgy
  4476 | Sewer    | Killed Purgy
  4636 | D:5      | Reached XP level 9. HP: 43/54 MP: 9/9
  4774 | D:5      | Found a staircase to the Ecumenical Temple.
  4781 | Temple   | Entered the Ecumenical Temple
  4982 | Temple   | Became a worshipper of Ashenzari the Shackled
  5133 | D:5      | Found a bloodstained altar of Trog.
  5317 | D:2      | Found a runed translucent door.
  5318 | D:2      | Noticed Crazy Yiuf
  5325 | D:2      | Killed Crazy Yiuf
  5601 | D:6      | Learned a level 3 spell: Regeneration
  5820 | D:6      | Found Zin's Purification Station.
  5829 | D:6      | Found a glowing silver altar of Zin.
  5982 | D:6      | Found a sparkling altar of Nemelex Xobeh.
  5982 | D:6      | Found a deep blue altar of Sif Muna.
  5996 | D:6      | Found a hide-covered altar of Uskayaw.
  5996 | D:6      | Found a shimmering altar of Xom.
  6155 | D:6      | Reached skill level 8 in Short Blades
  6349 | D:7      | Reached skill level 1 in Evocations
  6489 | D:7      | Reached skill level 1 in Charms
  6501 | D:7      | Reached skill level 1 in Necromancy
  6544 | D:7      | Reached skill level 1 in Spellcasting
  6705 | D:7      | Found a radiant altar of Vehumet.
  6782 | D:7      | Found an ornate altar of the Wu Jian Council.
  7014 | D:8      | Found a staircase to the Lair.
  7078 | D:8      | Reached XP level 10. HP: 20/61 MP: 11/11
  7487 | D:8      | Found an iron altar of Okawaru.
  8150 | Lair:1   | Entered Level 1 of the Lair of Beasts
  8159 | Lair:1   | Noticed a komodo dragon
  8162 | Lair:1   | Noticed a black mamba
  8164 | Lair:1   | Killed a komodo dragon
  8170 | Lair:1   | Killed a black mamba
  8170 | Lair:1   | Reached skill level 9 in Short Blades
  8258 | D:9      | Reached * piety under Ashenzari
  9167 | D:9      | Noticed a two-headed ogre
  9182 | D:9      | Killed a two-headed ogre
  9551 | D:10     | Entered Level 10 of the Dungeon
  9834 | D:10     | Reached XP level 11. HP: 60/66 MP: 15/15
  9888 | D:10     | Reached skill level 5 in Armour
 10130 | D:10     | Reached skill level 10 in Short Blades
 10163 | D:10     | HP: 3/67 [poisoned by a killer bee]
 10170 | D:10     | HP: 2/67 [poisoned by a killer bee]
 10177 | D:10     | HP: 1/67 [poisoned by a killer bee]
 10185 | D:10     | HP: 1/67 [poisoned by a killer bee]
 11870 | D:11     | Noticed Urug
 11886 | D:11     | Killed Urug
 11963 | D:11     | Reached skill level 10 in Dodging
 12322 | D:11     | Noticed a two-headed ogre
 12359 | D:11     | Killed a two-headed ogre
 12441 | D:11     | Reached XP level 12. HP: 19/72 MP: 18/18
 12454 | D:11     | Reached skill level 11 in Short Blades
 12859 | D:11     | Reached skill level 5 in Evocations
 13046 | D:11     | Noticed a yaktaur captain
 13572 | D:12     | Found a portal to a secret trove of treasure.
 13649 | D:11     | Learned a level 1 spell: Confusing Touch
 13985 | D:12     | Reached skill level 10 in Stealth
 14104 | D:12     | Reached skill level 1 in Hexes
 14144 | D:12     | Noticed a centaur warrior
 14213 | D:12     | Killed a centaur warrior
 14233 | D:12     | Got the uncursed ring mail of the Aged Lies {+Fly MR- MP+9}
 14381 | D:11     | Noticed an ettin
 14381 | D:11     | Noticed a yaktaur captain
 14381 | D:11     | Noticed a stone giant
 14593 | D:11     | Killed a yaktaur captain
 14755 | Lair:1   | Reached skill level 12 in Short Blades
 14807 | Lair:1   | Reached skill level 5 in Spellcasting
 14839 | Lair:1   | Learned a level 3 spell: Confuse
 14890 | Lair:1   | Reached XP level 13. HP: 78/78 MP: 20/20
 14939 | Lair:1   | Reached skill level 5 in Necromancy
 15919 | Lair:2   | Reached skill level 5 in Throwing
 16048 | Lair:2   | Reached ** piety under Ashenzari
 17369 | Lair:3   | Found a runed translucent door.
 17369 | Lair:3   | Noticed SaintRoka's ghost (journeyman GnWz)
 17703 | Lair:3   | Found a hole to the Spider Nest.
 17710 | Lair:3   | Reached skill level 13 in Short Blades
 17934 | Lair:3   | Found a staircase to the Shoals.
 18492 | Lair:3   | Reached XP level 14. HP: 42/86 MP: 22/22
 18707 | Lair:4   | Identified a scroll of acquirement
 18834 | Lair:4   | Splashed by an oklob plant's acid

Levels and vault maps discovered:
D:1:      nzn_arrival_crosshair, layout_rooms
D:2:      layout_basic, grunt_temple_overflow_growth_and_decay,
          uniq_crazy_yiuf_cottage
D:3:      layout_loops_corners, first_ration
D:4:      layout_loops_ring, lemuel_doored_altar, serial_shops, shop,
          kennysheep_nub, uniq_menkaure, uniq_grinder
D:5:      layout_loops_ring, trog_eyes_of_draining,
          minmay_temple_entry_proselytizer, portal_sewer_entry_e
D:6:      layout_gridville, grunt_temple_overflow_open, zin_purify,
          minmay_a_box_with_orc_wizards_in_it
D:7:      layout_loops_ring, vehumet_statue, kennysheep_little_box
D:8:      layout_basic, dpeg_oklobed_lair, basic_altar
D:9:      layout_loops_corners, grunt_pizzeria
D:10:     layout_roguey
D:11:     minmay_tile_spiral, layout_irregular_city, uniq_urug
D:12:     minmay_nested_s, layout_irregular_city, erik_orc_3, enter_trove_6,
          uniq_erolcha
Temple:   minmay_temple_curvy_loop
Lair:1:   layout_loops_ring, minivault_25, grunt_forest_large_clearings
Lair:2:   layout_roguey, beast_lair_carwin_6
Lair:3:   cheibrodos_lair_overgrown_chateau, layout_misc_corridors,
          minmay_shoals_entry_hut, spider_nest_entry_rubble,
          ebering_ghost_reflecting_pool
Lair:4:   statuecave_lemuel, layout_cave_shapes, lemuel_oklob_altar,
          minmay_lair_oklob_chamber
Sewer:    sewer_big_baddie

Skill      XL: |  1  2  3  4  5  6  7  8  9 10 11 12 13 14 |
---------------+-------------------------------------------+-----
Stealth        | 1 2 3 4 5 6 7 8 9 10 11 | 11.3
Dodging        | 4 5 6 7 9 10 11 12 | 12.2
Armour         | 1 2 3 4 5 6 |  6.8
Fighting       | 3 4 5 6 7 8 9 |  9.0
Short Blades   | 5 6 7 8 9 10 12 13 | 13.2
Evocations     | 1 3 4 5 |  5.2
Charms         | 1 2 3 |  3.0
Necromancy     | 1 2 3 4 5 6 |  6.0
Spellcasting   | 1 2 4 5 6 |  6.0
Throwing       | 3 4 5 |  5.2
Hexes          | 1 3 |  3.8

Action                   |  1- 3 |  4- 6 |  7- 9 | 10-12 | 13-15 || total
-------------------------+-------+-------+-------+-------+-------++-------
Melee: Rapier            |    77 |       |       |       |       ||    77
       Short sword       |    39 |   213 |   519 |  1540 |  1031 ||  3342
       Unarmed           |       |       |       |    16 |       ||    16
       Quick blade       |       |       |       |       |    44 ||    44
Throw: Throwing net      |       |       |     1 |     7 |       ||     8
 Cast: Confusing Touch   |       |       |       |       |    14 ||    14
Evoke: Wand              |       |       |       |    19 |       ||    19
  Use: Scroll            |     2 |     5 |     9 |     6 |     3 ||    25
       Potion            |       |     6 |     6 |     8 |     3 ||    23
 Stab: Sleeping          |     1 |     1 |    14 |    14 |     8 ||    38
       Held in net/web   |       |       |     1 |     5 |       ||     6
       Distracted        |       |       |       |     2 |     1 ||     3
       Confused          |       |       |       |     1 |    16 ||    17
  Eat: Chunk             |     8 |     5 |    15 |    33 |    13 ||    74
Armor: Leather armour    |     9 |       |       |       |       ||     9
       Ring mail         |    21 |    29 |    52 |   102 |       ||   204
       Skin              |       |       |     4 |    12 |       ||    16
       Troll leather arm |       |       |       |    57 |   103 ||   160
Dodge: Dodged            |    99 |    84 |   227 |   798 |   472 ||  1680

Table legend:
 A = Non-vault XP
 B = Vault XP
 C = Vault XP percentage of total XP
 D = Non-vault monster count
 E = Vault monster count
 F = Vault count percentage of total count
                 A         B        C        D         E       F
            +---------+---------+-------+---------+---------+-------
      Total |   31554 |   15934 |  33.6 |     354 |      89 |  20.1
            +---------+---------+-------+---------+---------+-------
        D:1 |      22 |       0 |   0.0 |      15 |       0 |   0.0
        D:2 |      74 |      37 |  33.3 |      20 |       1 |   4.8
        D:3 |     115 |       0 |   0.0 |      30 |       0 |   0.0
        D:4 |     289 |     458 |  61.3 |      16 |       2 |  11.1
        D:5 |     705 |     190 |  21.2 |      17 |       4 |  19.0
        D:6 |     562 |     115 |  17.0 |      20 |       3 |  13.0
        D:7 |     845 |       0 |   0.0 |      14 |       0 |   0.0
        D:8 |     943 |       0 |   0.0 |      16 |       0 |   0.0
        D:9 |    1850 |     224 |  10.8 |      23 |       1 |   4.2
       D:10 |    3683 |       0 |   0.0 |      53 |       0 |   0.0
       D:11 |    8840 |    2830 |  24.3 |      69 |       5 |   6.8
       D:12 |     638 |    2351 |  78.7 |       3 |      12 |  80.0
     Lair:1 |    2476 |    4247 |  63.2 |      10 |      33 |  76.7
     Lair:2 |    6703 |    1131 |  14.4 |      25 |       6 |  19.4
     Lair:3 |    2569 |    4055 |  61.2 |      17 |      15 |  46.9
     Lair:4 |    1240 |     145 |  10.5 |       6 |       1 |  14.3
      Sewer |       0 |     151 | 100.0 |       0 |       6 | 100.0
            +---------+---------+-------+---------+---------+-------
